 Dungeon Crawl Stone Soup version 0.17-a0-2127-g1cb09f6 (console) character file.

87 brucemayne the Chopper (level 4, -3/35 HPs)
             Began as a Demonspawn Berserker on Oct 23, 2015.
             Was a Follower of Trog.
             Splashed by a jelly's acid (5 damage)
             ... on level 5 of the Dungeon.
             The game lasted 00:02:18 (717 turns).

brucemayne the Chopper (Demonspawn Berserker)        Turns: 717, Time: 00:02:18

Health: -3/35      AC: -4    Str: 19    XL:     4   Next: 28%
Magic:  4/4        EV: 10    Int:  8    God:    Trog [*.....]
Gold:   55         SH:  0    Dex: 11    Spells: 0 memorised, 3 levels left

rFire  . . .     SeeInvis .     a - +0 hand axe
rCold  . . .     Clarity  .     j - +0 scale mail
rNeg   . . .     SustAt   .     (no shield)
rPois  .         Gourm    .     (no helmet)
rElec  .         Spirit   .     d - +0 cloak
rCorr  .         Warding  .     (no gloves)
rMut   .         Stasis   .     (no boots)
MR     .....                    (no amulet)
Stlth  ..........               (no ring)
                                (no ring)

@: exhausted, corroded equipment, slowed, very slow, not resistant to hostile
enchantments, extremely unstealthy
A: rough black scales 1, powered by pain 1, rot immunity
a: Berserk, Burn Spellbooks, Renounce Religion


You were on level 5 of the Dungeon.
You worshipped Trog.
Trog was aware of your devotion.
You were hungry.

You visited 2 branches of the dungeon, and saw 6 of its levels.

You collected 55 gold pieces.

Inventory:

Hand Weapons
 a - a +0 hand axe (weapon)
Armour
 b - a +0 animal skin
 d - a +0 cloak (worn)
 j - a +0 scale mail (worn)
Scrolls
 e - a scroll of teleportation {unknown}
 f - 3 scrolls of identify {unknown}
 g - 2 scrolls of remove curse {unknown}
 l - a scroll of fear {unknown}
 m - a scroll of amnesia {unknown}
Potions
 k - a potion of curing {unknown}
Comestibles
 c - a bread ration
 h - a chunk of flesh
 i - a beef jerky


   Skills:
 - Level 3.0 Fighting
 + Level 4.6 Axes
 - Level 1.7 Armour
 - Level 1.7 Dodging


You had 3 spell levels left.
You didn't know any spells.

Dungeon Overview and Level Annotations

Branches:
Dungeon (5/15)             Temple (1/1) D:4

Altars:
Fedhas
Kikubaaqudgha
Makhleb
Nemelex Xobeh
Okawaru
Ru
Vehumet
Xom


Innate Abilities, Weirdness & Mutations

You are partially covered in rough black scales (AC +4, Dex -1).
You sometimes gain a little power by taking damage.
You are immune to rotting.


Message History

Found a stone staircase leading up.
Found a shiny ring mail.
Found a stone staircase leading down.
Eat one of 2 chunks of flesh? (ye/n/q/i?) This raw flesh tastes terrible.
You are feeling hungry.
The jelly hits you but does no damage. x2
You continue eating.
The jelly hits you.
You are splashed with acid!
The acid corrodes you!
The acid burns!
You continue eating.
The jelly hits you.
You are splashed with acid!
The acid burns!
The jelly hits you but does no damage.
You hit the jelly but do no damage. The acid corrodes you!
Your hands burn!
The jelly hits you.
You are splashed with acid!
The acid corrodes you!
The acid burns!
* * * LOW HITPOINT WARNING * * *
The jelly barely misses you.
Unknown command.
You hit the jelly but do no damage.
Your hands burn!
You die...

.## ..# ###.. #
... .#
#######.###.#
###...........#.#
[...............##
.#..@..<.......
.....!.J######..##
>.#.#..<# ... #
#...# . #...#
..... .#.#.#
....#.#


You could see a jelly.

Vanquished Creatures
  A jelly (D:5)
  Jessica (D:3)
  2 adders
  2 giant geckos
  A bat (D:1)
  A giant cockroach (D:4)
  2 goblins
  3 kobolds
  3 rats
16 creatures vanquished.

Notes
Turn   | Place    | Note
--------------------------------------------------------------
     0 | D:1      | brucemayne the Demonspawn Berserker began the quest for the Orb.
     0 | D:1      | Reached XP level 1. HP: 18/18 MP: 1/1
   289 | D:2      | Gained mutation: You sometimes gain a little power by taking damage. [demonic ancestry]
   289 | D:2      | Reached XP level 2. HP: 18/24 MP: 2/2
   399 | D:3      | Noticed Jessica
   412 | D:3      | Killed Jessica
   412 | D:3      | Reached skill level 4 in Axes
   412 | D:3      | Gained mutation: You are partially covered in rough black scales (AC +4, Dex -1). [demonic ancestry]
   412 | D:3      | Reached XP level 3. HP: 16/29 MP: 3/3
   615 | D:4      | Found a staircase to the Ecumenical Temple.
   624 | Temple   | Entered the Ecumenical Temple
   695 | D:5      | Entered Level 5 of the Dungeon
   699 | D:5      | Gained mutation: You are immune to rotting. [demonic ancestry]
   699 | D:5      | Reached XP level 4. HP: 35/35 MP: 4/4
   717 | D:5      | Splashed by a jelly's acid

Vault maps used:
D:1:      dpeg_arrival_circle_labyrinth_c, kennysheep_pointless_box,
          minmay_misc_feat_more_columns, hex_large, ashenzari_altar_1
D:3:      grunt_qazlal_clouds, first_bread, grunt_decor_clamped,
          minmay_misc_feat_pillars, kennysheep_generic_room_15, uniq_jessica,
          uniq_iyjb
D:4:      lemuel_temple_firewalk_marked
Temple:   circular_temple_12

Action                   |  1- 3 |  4- 6 || total
-------------------------+-------+-------++-------
Melee: Hand axe          |    50 |     9 ||    59
Invok: Berserk           |     3 |       ||     3
  Eat: Chunk             |     1 |     1 ||     2
